 Seeded DCSS version 0.29-a0-25-g7f48f510a0 (webtiles) character file.

Game seed: 10000000000011 (custom seed)

46 knot the Chopper (level 3, 0/43 HPs)
             Began as a Demonspawn Berserker on Jan 31, 2022.
             Was a Believer of Trog.
             Succumbed to an adder's poison
             ... on level 2 of the Dungeon.
             The game lasted 00:00:54 (1619 turns).

knot the Chopper (Demonspawn Berserker)             Turns: 1619, Time: 00:00:54

Health: 0/43       AC:  2    Str: 17    XL:     3   Next: 46%
Magic:  3/3        EV: 12    Int: 10    God:    Trog [**....]
Gold:   55         SH:  0    Dex: 12    Spells: 2/2 levels left

rFire   . . .      SeeInvis .   a - +0 hand axe
rCold   . . .      Faith    .   (no shield)
rNeg    . . .      Spirit   .   b - +0 animal skin
rPois   .          Reflect  .   (no helmet)
rElec   .          Harm     .   (no cloak)
rCorr   .          Rampage  .   (no gloves)
Will    .....                   (no boots)
Stlth   ..........              (no amulet)
HPRegen 0.14/turn               (no ring)
MPRegen 0.16/turn               (no ring)

@: berserking, lethally poisoned (0 -> -1), very quick
A: magic regeneration, demonic touch 1
a: Renounce Religion, Berserk, Trog's Hand


You were on level 2 of the Dungeon.
You worshipped Trog.
Trog was pleased with you.
You visited 1 branch of the dungeon, and saw 2 of its levels.

You collected 55 gold pieces.

Inventory:

Hand Weapons
 a - a +0 hand axe (weapon)
Missiles
 f - 23 stones (quivered)
Armour
 b - a +0 animal skin (worn)
Jewellery
 d - an amulet of reflection
Scrolls
 c - a scroll of amnesia {unknown}
Potions
 e - a potion of curing {unknown}
 g - a potion of lignification {unknown}
 h - a potion of might {unknown}
 i - a potion of heal wounds {unknown}
 j - a potion of magic {unknown}


   Skills:
 - Level 3.0 Fighting
 + Level 4.1 Axes
 - Level 1.7 Armour
 - Level 1.7 Dodging


You had 2 spell levels left.
You didn't know any spells.
Your spell library contained the following spells:

 Spells                   Type           Power      Damage    Failure   Level
 Corpse Rot               Necr/Air       0%         N/A       50%         2
 Ensorcelled Hibernation  Hex/Ice        0%         N/A       50%         2
 Passwall                 Tmut/Erth      0%         N/A       50%         2
 Poisonous Vapours        Pois/Air       0%         N/A       50%         2
 Swiftness                Air            0%         N/A       75%         3


Dungeon Overview and Level Annotations

Branches:
Dungeon (2/15)

Altars:


Innate Abilities, Weirdness & Mutations

You regenerate magic rapidly.
Your touch may inflict minor irresistible damage on your foes.


Message History

You feel sick. The adder bites you. x2
You are more poisoned.
The adder poisons you!
You closely miss the adder. Your punch misses the adder.
The adder is severely wounded.
You feel sick. The adder barely misses you.
You miss the adder.
The adder is severely wounded.
You feel sick. The adder bites you but does no damage. The adder bites you.
You are more poisoned.
The adder poisons you!
You closely miss the adder.
The adder is severely wounded.
* * * LOW HITPOINT WARNING * * *
You feel very sick. The adder misses you.
You closely miss the adder. Your touch misses the adder.
The adder is severely wounded.
You feel sick. The adder bites you.
* * * LOW HITPOINT WARNING * * *
The adder bites you but does no damage.
A red film seems to cover your vision as you go berserk!
You feel yourself moving faster!
You feel mighty!
You feel sick. The adder closely misses you.
You miss the adder. Your touch misses the adder.
The adder is heavily wounded.
The adder barely misses you.
You closely miss the adder.
The adder is heavily wounded.
You feel sick. The adder completely misses you.
You closely miss the adder.
The adder is heavily wounded.
You feel sick. The adder closely misses you.
You barely miss the adder. Your touch misses the adder.
The adder is heavily wounded.
The adder bites you.
* * * LOW HITPOINT WARNING * * *
You closely miss the adder.
The adder is heavily wounded.
You die...

....##.# ##............
###....### #.#.........
###....## #. .......
......#######.....
##....#.........
###.####...........##
....................#.##
#######...###...........
###.....#.# ##..@......#
.....^...........S.##..#
...######...#####......
##..........# #..#.#
##............ ### #
##.........##.#
##........ # .
.......... ##........


You could see an adder.

Vanquished Creatures
  An adder (D:2)
  3 endoplasms
  A giant cockroach (D:1)
  3 goblins
  2 hobgoblins (D:1)
  10 jackals (D:1)
  A ball python (D:2)
  3 bats (D:2)
  4 frilled lizards
  2 kobolds (D:2)
  5 rats
35 creatures vanquished.

Notes
Turn   | Place    | Note
-------+----------+-------------------------------------------
     0 | D:1      | knot the Demonspawn Berserker began the quest for the Orb.
     0 | D:1      | Reached XP level 1. HP: 18/18 MP: 1/1
    45 | D:1      | Reached skill level 3 in Axes
   168 | D:1      | Gained mutation: You regenerate magic rapidly. [demonic
                  | ancestry]
   168 | D:1      | Reached XP level 2. HP: 22/24 MP: 2/2
  1360 | D:2      | Gained mutation: Your touch may inflict minor irresistible
                  | damage on your foes. [demonic ancestry]
  1360 | D:2      | Reached XP level 3. HP: 29/29 MP: 3/3
  1477 | D:2      | Reached ** piety under Trog
  1482 | D:2      | Reached skill level 4 in Axes
  1618 | D:2      | HP: 1/43 [adder (3)]
  1619 | D:2      | Succumbed to an adder's poison

Illustrated notes

Levels and vault maps discovered:
D:1:      lordsloth_arrival_two_stooges, layout_basic, grunt_decor_fettered,
          minmay_misc_feat_diagonals, nicolae_concentric_dashed_squares_wild
D:2:      layout_rooms, hangedman_decor_clover_reticule

Skill      XL: |  1  2  3 |
---------------+----------+-----
Axes           | 3 4 |  4.1
Fighting       | |  3.0
Armour         | |  1.7
Dodging        | |  1.7

Action                   || total
-------------------------++-------
Melee: Hand axe          ||   105
       Touch             ||     4
       Punch             ||     1
Invok: Berserk           ||     4
Armor: Animal skin       ||    17
Dodge: Dodged            ||    78

Table legend: (Time is in decaauts)
 A = Elapsed time spent in this place.
 B = Non-inter-level travel time spent in this place.
 C = Inter-level travel time spent in this place.
 D = Time resting spent in this place.
 E = Time spent auto-exploring this place.
 F = Levels seen in this place.
 G = Mean time per level.
                   A        B        C        D        E       F      G
               +--------+--------+--------+--------+--------+-----+--------+
         Total |   1651 |   1638 |     13 |    523 |    896 |   2 |  825.5 |
       Dungeon |   1651 |   1638 |     13 |    523 |    896 |   2 |  825.5 |
               +--------+--------+--------+--------+--------+-----+--------+

Top non-repeatable levels by time:
     D:1: 1370 daAuts
     D:2: 280 daAuts
